 Dungeon Crawl Stone Soup version 0.22-a0-855-g415d086bb8 (webtiles) character file.

4779 IcyTea the Basher (level 10, -3/58 HPs)
             Began as a Demonspawn Artificer on July 27, 2018.
             Was a Believer of Hepliaklqana.
             Slain by a skeletal warrior
             ... wielding a +1 flail of protection
             ... led by a skeletal warrior
              (27 damage)
             ... on level 8 of the Dungeon.
             The game lasted 00:39:44 (9225 turns).

IcyTea the Basher (Demonspawn Artificer)            Turns: 9225, Time: 00:39:44

Health: -3/58      AC: 10    Str: 14      XL:     10   Next: 23%
Magic:  13/13      EV: 11    Int: 15      God:    Hepliaklqana [**....]
Gold:   98         SH:  0    Dex: 12 (13) Spells: 3/9 levels left

rFire    . . .     SeeInvis .   a - +8 whip "Snakebite" {curare, rPois}
rCold    . . .     Gourm    .   (no shield)
rNeg     . . .     Faith    .   m - +4 ring mail "Hygog" {MR+}
rPois    +         Spirit   .   (helmet restricted)
rElec    .         Reflect  .   (no cloak)
rCorr    .         Harm     .   (no gloves)
MR       +....                  n - +0 pair of boots {Stlth+}
Stlth    ++........             (no amulet)
HPRegen  0.19/turn              (no ring)
MPRegen  0.13/turn              k - ring of wizardry

@: very slightly contaminated
A: reduced essence, horns 1, talons 1, deterioration 1, powered by pain 2, spiny
1
a: Recall Ancestor, Ancestor Identity, Renounce Religion


You were on level 8 of the Dungeon.
You worshipped Hepliaklqana.
Hepliaklqana was pleased with you.
You were hungry.

You visited 2 branches of the dungeon, and saw 10 of its levels.

You collected 418 gold pieces.
You spent 320 gold pieces at shops.

Inventory:

Hand Weapons
 a - the +8 whip "Snakebite" (weapon) {curare, rPois}
   (You took it off a crimson imp on level 7 of the Dungeon)

   It poisons the flesh of those it strikes.
   It protects you from poison.
 b - a +0 longbow
 i - a +0 mace
 j - a +1 mace of draining
Missiles
 g - 153 arrows
Armour
 h - a +0 chain mail
 m - the +4 ring mail "Hygog" (worn) {MR+}
   (You found it on level 5 of the Dungeon)

   It affects your resistance to hostile enchantments.
 n - a +0 pair of boots of stealth (worn)
Jewellery
 k - a ring of wizardry (right hand)
 u - an uncursed ring of poison resistance
Wands
 c - a wand of flame (35)
 d - a wand of enslavement (22)
 e - a wand of random effects (12)
 q - a wand of paralysis (16)
Scrolls
 l - 5 scrolls of identify
 o - a scroll of magic mapping
 p - 2 scrolls of amnesia
 t - 3 scrolls of remove curse
 v - 4 scrolls of teleportation
 x - a scroll of fog
Potions
 r - 2 potions of heal wounds
 s - 2 potions of might
 w - a potion of curing
Comestibles
 f - 18 rations


   Skills:
 - Level 1.0 Fighting
   Level 0.8 Short Blades
 - Level 12.8 Maces & Flails
 - Level 2.0 Armour
 - Level 1.7 Dodging
 - Level 0.8 Stealth
 + Level 1.3 Conjurations
 - Level 4.0 Evocations


You had 3 spell levels left.
You knew the following spells:

 Your Spells              Type           Power        Failure   Level  Hunger
a - Magic Dart            Conj           #...         13%         1    ##.....
b - Blink                 Tloc           N/A          32%         2    ###....
c - Mephitic Cloud        Conj/Pois/Air  #.......     45%         3    ####...

Your spell library contained the following spells:

 Spells                   Type           Power        Failure   Level  Hunger
 Fireball                 Conj/Fire      #.........   98%         5    ######.
 Conjure Flame            Conj/Fire      #.......     43%         3    ####...
 Slow                     Hex            #.......     32%         2    ###....
 Throw Flame              Conj/Fire      #.....       26%         2    ###....
 Sticky Flame             Conj/Fire      #.......     82%         4    #####..
 Call Imp                 Summ           #.......     32%         2    ###....
 Spider Form              Tmut/Pois      #.........   52%         3    ####...
 Blade Hands              Tmut           #.........   99%         5    ######.
 Ice Form                 Ice/Tmut       #.......     88%         4    #####..
 Flame Tongue             Conj/Fire      #....        16%         1    ##.....
 Sticks to Snakes         Tmut           #.......     32%         2    ###....
 Inner Flame              Hex/Fire       #.......     52%         3    ####...
 Beastly Appendage        Tmut           #.....       21%         1    ##.....


Dungeon Overview and Level Annotations

Branches:
Dungeon (9/15)             Temple (1/1) D:5            Lair (0/6) D:8
    Orc: D:9-12

Altars:
Ashenzari
Cheibriados
Dithmenos
Elyvilon
Fedhas
Gozag
Hepliaklqana
Kikubaaqudgha
Makhleb
Nemelex Xobeh
Okawaru
Qazlal
Ru
Sif Muna
Trog
Uskayaw
Vehumet
Wu Jian
Xom
Yredelemnul
Zin
The Shining One

Shops:
D:4 *   D:7 *[=


Innate Abilities, Weirdness & Mutations

You have a pair of small horns on your head.
You sometimes gain power by taking damage.
You are partially covered in sharp spines.
Your life essence is reduced to manifest your ancestor. (-10% HP)
You have sharp toenails.
Your body sometimes deteriorates upon taking damage.


Message History

The skeletal warrior is moderately damaged.
The skeletal warrior hits you with a flail of protection!
Your body deteriorates!
You feel clumsy.
You hit the skeletal warrior.
The skeletal warrior is moderately damaged.
Baton Tap hits the skeletal warrior with a dagger of draining.
You hit the skeletal warrior but do no damage.
The skeletal warrior is moderately damaged.
You closely miss the skeletal warrior.
You headbutt the skeletal warrior, but do no damage.
The skeletal warrior is moderately damaged.
The skeletal warrior hits you but does no damage.
Baton Tap hits the skeletal warrior but does no damage.
You hit the skeletal warrior but do no damage.
The skeletal warrior is moderately damaged.
You hit the skeletal warrior.
The skeletal warrior is moderately damaged.
Baton Tap hits the skeletal warrior with a dagger of draining.
The skeletal warrior hits you with a flail of protection!!
You die...

#.# #.# #.# #.# #####
#.# #...# # #.#
###...### ## #.#
#.......###### .#
####.###............#
.#
##..........@...####.#
.#
#...#######z########.#
.#
#..##...##.R.##...##<#
.#
#..#<.8..'.8....8.>#.#
.#
#..##...##...##...##.#
.#
##..########.########.#
.#
#........###.########.#
##
#...###...#..)#.......#
#...####.##.8.#######.#


You could see the friendly Baton Tap the hexer and a skeletal warrior.

Vanquished Creatures
  Erica (D:8)
  Pikel (D:6)
  A hornet (D:8)
  Sigmund (D:5)
  2 humans (D:8)
  A wyvern (D:9)
  Menkaure (D:7)
  2 orc warriors
  A black bear (D:7)
  A necrophage (D:8)
  2 ogres
  5 centaurs
  Blork the orc (D:4)
  7 bullfrogs
  A scorpion (D:8)
  5 crimson imps
  A quasit (D:7)
  3 jellies
  2 orc priests (D:8)
  A bullfrog skeleton (D:5)
  5 hounds
  6 orc wizards
  Ijyb (D:4)
  4 iguanas (D:7)
  3 worker ants
  A hound skeleton (D:7)
  4 gnolls
  13 adders
  3 shadow imps
  An ooze (D:2)
  A worm (D:3)
  A dart slug (D:3)
  9 leopard geckos
  14 orcs
  3 bats
  7 giant cockroaches
  3 goblins (D:1)
  4 hobgoblins
  15 jackals
  3 kobolds
  2 quokkas (D:2)
  A ball python (D:2)
  5 frilled lizards
  A quokka zombie (D:9)
  7 rats
157 creatures vanquished.

Vanquished Creatures (collateral kills)
  A bullfrog zombie (D:6)
  2 crimson imps
  An orc wizard (D:9)
  A worker ant (D:6)
5 creatures vanquished.

Vanquished Creatures (others)
  A slave (D:6)
  A hexer (D:9)
  4 ancestors
6 creatures vanquished.

Grand Total: 168 creatures vanquished

Notes
Turn   | Place    | Note
-------+----------+-------------------------------------------
     0 | D:1      | IcyTea the Demonspawn Artificer began the quest for the Orb.
     0 | D:1      | Reached XP level 1. HP: 15/15 MP: 3/3
    44 | D:1      | Gained mutation: You sometimes gain a little power by taking damage. [demonic ancestry]
    44 | D:1      | Reached XP level 2. HP: 5/21 MP: 4/4
   846 | D:1      | Gained mutation: You sometimes gain power by taking damage. [demonic ancestry]
   846 | D:1      | Reached XP level 3. HP: 25/26 MP: 6/6
  1129 | D:2      | Reached skill level 1 in Armour
  1708 | D:2      | Found a bloodstained altar of Trog.
  1896 | D:2      | Gained mutation: You have a pair of small horns on your head. [demonic ancestry]
  1896 | D:2      | Reached XP level 4. HP: 13/32 MP: 7/7
  2514 | D:3      | Reached skill level 1 in Maces & Flails
  2523 | D:3      | Found a burning altar of Makhleb.
  2654 | D:3      | Found a glowing golden altar of the Shining One.
  2656 | D:3      | Found an opulent altar of Gozag.
  2765 | D:3      | Reached skill level 2 in Maces & Flails
  3348 | D:3      | Reached XP level 5. HP: 36/37 MP: 8/8
  3477 | D:4      | Reached skill level 3 in Maces & Flails
  3730 | D:4      | Found Buahy's General Store.
  3761 | D:4      | Noticed Blork the orc
  3777 | D:4      | Killed Blork the orc
  3777 | D:4      | Reached skill level 4 in Maces & Flails
  3946 | D:4      | Gained mutation: Your body sometimes deteriorates upon taking damage. [potion of mutation]
  3946 | D:4      | Gained mutation: You have sharp toenails. [potion of mutation]
  4152 | D:4      | Noticed Ijyb
  4180 | D:4      | Killed Ijyb
  4180 | D:4      | Gained mutation: You are partially covered in sharp spines. [demonic ancestry]
  4180 | D:4      | Reached XP level 6. HP: 17/43 MP: 9/9
  4579 | D:5      | Entered Level 5 of the Dungeon
  4744 | D:5      | Noticed Sigmund
  4755 | D:5      | Killed Sigmund
  4755 | D:5      | Reached skill level 5 in Maces & Flails
  4755 | D:5      | Reached XP level 7. HP: 48/48 MP: 10/10
  4895 | D:5      | Reached skill level 6 in Maces & Flails
  4982 | D:5      | Found a staircase to the Ecumenical Temple.
  5271 | D:5      | Found a shimmering altar of Xom.
  5296 | D:5      | Got a smoking ring mail
  5297 | D:5      | Identified the +4 ring mail "Hygog" {MR+} (You found it on level 5 of the Dungeon)
  5338 | D:5      | Reached skill level 7 in Maces & Flails
  5596 | D:6      | Noticed Pikel
  5655 | Temple   | Entered the Ecumenical Temple
  5748 | Temple   | Became a worshipper of Hepliaklqana the Forgotten
  5875 | D:6      | Learned a level 1 spell: Magic Dart
  5878 | D:6      | Learned a level 2 spell: Blink
  5887 | D:6      | HP: 2/43 [centaur/arrow (11)]
  5893 | D:6      | Reached XP level 8. HP: 11/48 MP: 11/11
  6131 | D:6      | Reached skill level 8 in Maces & Flails
  6244 | D:6      | Killed Pikel
  6244 | D:6      | Reached skill level 9 in Maces & Flails
  6922 | D:6      | Found a white marble altar of Elyvilon.
  6964 | D:7      | Reached skill level 10 in Maces & Flails
  7015 | D:7      | Reached XP level 9. HP: 50/53 MP: 12/12
  7016 | D:7      | Noticed Menkaure
  7020 | D:7      | Killed Menkaure
  7212 | D:7      | Found Ziad's Jewellery Shop.
  7213 | D:7      | Found Xoug's Armour Boutique.
  7213 | D:7      | Reached * piety under Hepliaklqana
  7220 | D:7      | Bought an uncursed ring of poison resistance for 320 gold pieces
  7448 | D:7      | Found a sacrificial altar of Ru.
  7484 | D:7      | Reached skill level 11 in Maces & Flails
  7749 | D:7      | Found Podiyst's General Store.
  8039 | D:8      | Identified a scroll of acquirement
  8085 | D:8      | Found a staircase to the Lair.
  8129 | D:8      | Found an iron altar of Okawaru.
  8226 | D:8      | Learned a level 3 spell: Mephitic Cloud
  8330 | D:8      | Reached skill level 12 in Maces & Flails
  8592 | D:8      | Noticed Erica
  8602 | D:8      | Killed Erica
  8602 | D:8      | Reached XP level 10. HP: 48/58 MP: 13/13
  8652 | D:8      | Reached ** piety under Hepliaklqana
  8653 | D:8      | Remembered your ancestor Baton Tap as a hexer
  9155 | D:9      | Noticed a skeletal warrior
  9156 | D:9      | Noticed a skeletal warrior
  9157 | D:9      | Noticed a skeletal warrior
  9181 | D:9      | Reached skill level 1 in Conjurations
  9225 | D:8      | Slain by a skeletal warrior

Vault maps used:
D:1:      dpeg_arrival_arbitrary_c
D:2:      trog_butcher_becter
D:3:      nicolae_overflow_hidden_temple, minmay_close_crescents
D:4:      serial_shops, nicolae_shop_trees, uniq_blork_the_orc, uniq_ijyb
D:5:      minmay_temple_entry_statues, basic_altar, first_ration, uniq_sigmund
D:6:      lemuel_coloured_pillars_altar, uniq_pikel
D:7:      hangedman_ru_absence, serial_shops, shop_statue, nicolae_shop_stone,
          nicolae_shop_trees, corexii_checkpoint_b, uniq_menkaure
D:8:      okawaru_humans, lair_entry_dummy, grunt_ministairs_5, grunt_pizzeria,
          uniq_erica
Temple:   minmay_temple_bridge_d

Skill      XL: |  1  2  3  4  5  6  7  8  9 10 |
---------------+-------------------------------+-----
Evocations     | 4 |  4.0
Armour         | 2 |  2.0
Maces & Flails | 2 4 5 7 10 12 | 12.8
Conjurations   | 1 |  1.3
Fighting       | |  1.0
Short Blades   | |  0.8
Dodging        | |  1.7
Stealth        | |  0.8

Action                   |  1- 3 |  4- 6 |  7- 9 | 10-12 || total
-------------------------+-------+-------+-------+-------++-------
Melee: Short sword       |   139 |       |       |       ||   139
       Mace              |    61 |   172 |    90 |       ||   323
       Headbutt          |       |    16 |    40 |     7 ||    63
       Kick              |       |    15 |    41 |       ||    56
       Whip              |       |       |    99 |    34 ||   133
 Fire: Longbow           |       |       |     6 |       ||     6
Invok: Ancestor Identity |       |       |     1 |       ||     1
       Ancestor Life: He |       |       |       |     1 ||     1
Evoke: Wand              |     2 |     5 |     8 |       ||    15
  Use: Scroll            |     5 |     4 |     7 |       ||    16
       Potion            |     1 |     9 |     3 |       ||    13
 Stab: Paralysed         |       |       |     4 |       ||     4
       Sleeping          |       |       |       |     1 ||     1
  Eat: Chunk             |     3 |    10 |    12 |     1 ||    26
Armor: Chain mail        |   125 |   108 |    15 |       ||   248
       Leather armour    |     9 |       |       |       ||     9
       Ring mail         |       |       |    51 |     8 ||    59
Dodge: Dodged            |    80 |    79 |    56 |    10 ||   225

Table legend:
 A = Spawn XP
 B = Non-spawn XP
 C = Spawn XP percentage of total XP
 D = Spawn monster count
 E = Non-spawn monster count
 F = Spawn count percentage of total count
 G = Total turns spent on level
                    A         B        C        D         E        F      G
               +---------+---------+-------+---------+---------+-------+---------
         Total |       0 |    6828 |   0.0 |       0 |     162 |   0.0 |  9225
               +---------+---------+-------+---------+---------+-------+---------
           D:1 |       0 |      41 |   0.0 |       0 |      15 |   0.0 |  1071
           D:2 |       0 |      58 |   0.0 |       0 |      28 |   0.0 |  1299
           D:3 |       0 |     100 |   0.0 |       0 |      15 |   0.0 |  1079
           D:4 |       0 |     254 |   0.0 |       0 |      11 |   0.0 |  1130
           D:5 |       0 |     830 |   0.0 |       0 |      19 |   0.0 |  1108
           D:6 |       0 |    1364 |   0.0 |       0 |      15 |   0.0 |  1101
           D:7 |       0 |    1192 |   0.0 |       0 |      27 |   0.0 |  1053
           D:8 |       0 |    2400 |   0.0 |       0 |      24 |   0.0 |   983
           D:9 |       0 |     589 |   0.0 |       0 |       8 |   0.0 |   235
               +---------+---------+-------+---------+---------+-------+---------
